 Dungeon Sprint DCSS version 0.30-a0-49-g1cef19eb02 (webtiles) character file.

Game seed: 14030616258341148559

606 rocky1 the Geomancer (level 7, -2/45 HPs)
             Began as an Octopode Earth Elementalist on Sept 3, 2022.
             Was an Elder of Sif Muna.
             Slain by an unseen horror (10 damage)
             ... in the Dungeon (Sprint VII: "The Pits").
             The game lasted 00:05:40 (1466 turns).

rocky1 the Geomancer (Octopode Earth Elementalist)  Turns: 1466, Time: 00:05:41

Health: -2/45      AC:  1    Str:  7    XL:     7   Next: 42%
Magic:  2/11       EV: 14    Int: 19    God:    Sif Muna [****..]
Gold:   0          SH:  0    Dex: 13    Spells: 8/12 levels left

rFire   . . .      SeeInvis .    j - +1 quarterstaff (protect)
rCold   . . .      Faith    .    (shield currently unavailable)
rNeg    . . .      Spirit   .    (helmet restricted)
rPois   .          Reflect  .    (no amulet)
rElec   .          Harm     .    (no ring)
rCorr   .          Rampage  .    (no ring)
Will    .....      NoTele   +    (no ring)
Stlth   ++++......               (no ring)
HPRegen 0.15/turn                (no ring)
MPRegen 0.12/turn                (no ring)
                                 (no ring)
                                 (no ring)

@: no status effects
A: almost no armour, amphibious, 8 rings, camouflage 1, gelatinous body 1,
(nimble swimmer 1), tentacles
a: Renounce Religion, Channel Magic, Forget Spell, Divine Exegesis


You were in the Dungeon.
You worshipped Sif Muna.
Sif Muna was greatly pleased with you.
You visited 1 branch

Inventory:

Hand Weapons
 j - a +1 quarterstaff of protection (weapon)
Scrolls
 c - 5 scrolls of amnesia
 f - a scroll of blinking
 g - a scroll of summoning
Potions
 a - 3 potions of magic
 b - 2 potions of invisibility
 d - a potion of haste
 e - 2 potions of berserk rage
 h - 5 potions of curing
 i - 3 potions of heal wounds


   Skills:
 + Level 2.6 Fighting
 + Level 3.7 Dodging
 + Level 5.0 Stealth
 + Level 3.2 Spellcasting
 + Level 2.6 Conjurations
 + Level 2.9 Transmutations
 + Level 13.6 Earth Magic
 + Level 2.9 Invocations


You had 8 spell levels left.
You knew the following spells:

 Your Spells              Type           Power      Damage    Failure   Level
a - Sandblast             Erth           100%       2d20      1%          1
b - Stone Arrow           Conj/Erth      68%        3d11      1%          3

Your spell library contained the following spells:

 Spells                   Type           Power      Damage    Failure   Level
 Passwall                 Tmut/Erth      28%        N/A       1%          2
 Petrify                  Tmut/Erth      34%        N/A       4%          4


Dungeon Overview and Level Annotations

Branches:
Dungeon (1/1)

Altars:
Ashenzari
Cheibriados
Dithmenos
Elyvilon
Fedhas
Gozag
Hepliaklqana
Kikubaaqudgha
Makhleb
Nemelex Xobeh
Okawaru
Qazlal
Ru
Sif Muna
Trog
Uskayaw
Vehumet
Wu Jian
Xom
Yredelemnul
Zin
The Shining One
Jiyva
Lugonu


Innate Abilities, Weirdness & Mutations

You cannot wear most types of armour.
You are amphibious.
You can wear up to eight rings at the same time.
Your skin changes colour to match your surroundings (Stealth+).
Your rubbery body absorbs attacks. (AC +1, EV +1)
((You are camouflaged when in or above water. (Stealth+)))
You have tentacles for arms and can constrict up to eight enemies at once.


Message History

Your Stealth skill increases to level 5!
You start resting.
HP restored.
You start resting.
Magic restored.
There is an open door here.
Things that are here:
a +0 spear; a +0 scale mail You open the door.
Something barely misses you. Something hits you.
Deactivating autopickup; reactivate with Ctrl-A.
There is an open door here.
You barely miss something. Something hits you! x2
You miss something. Something hits you! x2
* * * LOW HITPOINT WARNING * * *
Unknown command.
You feel much better. Something hits you.
Casting: Stone Arrow (safe; 1% risk of failure)
Confirm with . or Enter, or press ? or * to list all spells.
Aiming: Stone Arrow (safe; 1% risk of failure)
Press: ? - help, Shift-Dir - straight line The stone arrow hits something!
Something hits you!
* * * LOW HITPOINT WARNING * * *
Something hits you.
* * * LOW HITPOINT WARNING * * *
Unknown command.
You feel much better. Something hits you!
Casting: Stone Arrow (safe; 1% risk of failure)
Confirm with . or Enter, or press ? or * to list all spells.
Aiming: Stone Arrow (safe; 1% risk of failure)
Press: ? - help, Shift-Dir - straight line The stone arrow hits something!
Something hits you. Something hits you!
* * * LOW HITPOINT WARNING * * *
Unknown command.
Casting: Stone Arrow (safe; 1% risk of failure)
Confirm with . or Enter, or press ? or * to list all spells.
Aiming: Stone Arrow (safe; 1% risk of failure)
Press: ? - help, Shift-Dir - straight line Something hits you!
You die...

#.#........##.......#
#รท#........##.......#
#'###########.......#
#.......# #########
#...#...# #...#...#
#.##.##.#+#
#...#...#.+
#...#...#@#
#.......')#
###########


There were no monsters in sight!

Vanquished Creatures
  A floating eye (D)
  A black bear (D)
  An ice beast (D)
  A bullfrog (D)
  A necrophage (D)
  A gnoll sergeant (D)
  2 scorpions (D)
  A river rat (D)
  An adder zombie (D)
  4 endoplasms (D)
  A kobold (D)
  A ball python zombie (D)
16 creatures vanquished.

Notes
Turn   | Place    | Note
-------+----------+-------------------------------------------
     0 | D        | rocky1 the Octopode Earth Elementalist began the quest for
                  | the Orb.
     0 | D        | Reached XP level 1. HP: 11/11 MP: 3/3
    11 | D        | Noticed a scorpion
    24 | D        | Killed a scorpion
    25 | D        | Reached skill level 8 in Earth Magic
    25 | D        | Reached XP level 2. HP: 15/17 MP: 1/5
    25 | D        | Reached XP level 3. HP: 18/21 MP: 1/6
    25 | D        | Reached XP level 4. HP: 24/27 MP: 1/7
   288 | D        | Found a bloodstained altar of Trog.
   288 | D        | Found a shimmering blue altar of Sif Muna.
   288 | D        | Found a viscous altar of Jiyva.
   288 | D        | Found a hazy altar of Hepliaklqana.
   288 | D        | Found an opulent altar of Gozag.
   289 | D        | Found a glowing golden altar of the Shining One.
   289 | D        | Found a glowing silver altar of Zin.
   289 | D        | Found a basalt altar of Yredelemnul.
   289 | D        | Found a shimmering altar of Xom.
   289 | D        | Found an ornate altar of the Wu Jian Council.
   289 | D        | Found a sacrificial altar of Ru.
   289 | D        | Found a stormy altar of Qazlal.
   289 | D        | Found an iron altar of Okawaru.
   289 | D        | Found a sparkling altar of Nemelex Xobeh.
   289 | D        | Found a burning altar of Makhleb.
   289 | D        | Found a blossoming altar of Fedhas.
   289 | D        | Found a white marble altar of Elyvilon.
   289 | D        | Found a shadowy altar of Dithmenos.
   289 | D        | Found a snail-covered altar of Cheibriados.
   291 | D        | Found a radiant altar of Vehumet.
   291 | D        | Found a corrupted altar of Lugonu.
   292 | D        | Found a hide-covered altar of Uskayaw.
   292 | D        | Found an ancient bone altar of Kikubaaqudgha.
   292 | D        | Found a broken altar of Ashenzari.
   294 | D        | Became a worshipper of Sif Muna the Loreminder
   326 | D        | Noticed a scorpion
   332 | D        | Killed a scorpion
   333 | D        | Reached skill level 9 in Earth Magic
   337 | D        | HP: 1/27 [poisoned by a scorpion]
   731 | D        | Reached * piety under Sif Muna
   732 | D        | Reached XP level 5. HP: 28/31 MP: 8/8
   758 | D        | Noticed a floating eye
   758 | D        | Noticed an ice beast
   765 | D        | Learned a level 3 spell: Stone Arrow
   774 | D        | Reached skill level 10 in Earth Magic
   781 | D        | Killed a floating eye
   781 | D        | Reached ** piety under Sif Muna
   782 | D        | Reached skill level 12 in Earth Magic
   784 | D        | Killed an ice beast
   785 | D        | Reached skill level 13 in Earth Magic
   785 | D        | Reached XP level 6. HP: 15/36 MP: 4/9
  1175 | D        | Noticed a black bear
  1184 | D        | Reached skill level 1 in Fighting
  1184 | D        | Reached skill level 1 in Conjurations
  1184 | D        | Reached skill level 1 in Invocations
  1184 | D        | Reached *** piety under Sif Muna
  1236 | D        | Reached XP level 7. HP: 44/44 MP: 5/11
  1408 | D        | Reached **** piety under Sif Muna
  1409 | D        | Reached skill level 5 in Stealth
  1466 | D        | Slain by an unseen horror

Illustrated notes

Levels and vault maps discovered:
D:        pitsprint [storerooms_1, entrance_room_1, metal_vault_4, armoury_1,
          mini_pit_1, grid_room_1, main_hall_1, silver_pit, the_coven_1,
          the_vestibule_1, steel_vault_1, golden_pit, hallway_of_sentries,
          crystal_vault_4, iron_vault_2, final_vault]

Skill      XL: |  1  2  3  4  5  6  7 |
---------------+----------------------+-----
Earth Magic    | 8 9 13 | 13.6
Fighting       | 1 2 |  2.6
Stealth        | 4 5 |  5.0
Conjurations   | 1 2 |  2.6
Invocations    | 2 |  2.9
Transmutations | 2 |  2.9
Dodging        | 3 |  3.7
Spellcasting   | 3 |  3.2

Action                   |  1- 3 |  4- 6 |  7- 9 || total
-------------------------+-------+-------+-------++-------
Melee: Unarmed           |       |    12 |       ||    12
       Tentacles         |       |     4 |     1 ||     5
       Constrict         |       |     2 |     1 ||     3
       Quarterstaff      |       |       |     7 ||     7
 Cast: Sandblast         |     8 |    12 |       ||    20
       Stone Arrow       |       |     2 |     5 ||     7
  Use: Potion            |     4 |       |     3 ||     7
Armor: Skin              |       |     1 |     6 ||     7
Dodge: Dodged            |    12 |    11 |     6 ||    29

Table legend: (Time is in decaauts)
 A = Elapsed time spent in this place.
 B = Non-inter-level travel time spent in this place.
 C = Inter-level travel time spent in this place.
 D = Time resting spent in this place.
 E = Time spent auto-exploring this place.
 F = Levels seen in this place.
 G = Mean time per level.
                   A        B        C        D        E       F      G
               +--------+--------+--------+--------+--------+-----+--------+
         Total |   1490 |   1471 |     19 |   1251 |      0 |   1 | 1490.0 |
       Dungeon |   1490 |   1471 |     19 |   1251 |      0 |   1 | 1490.0 |
               +--------+--------+--------+--------+--------+-----+--------+

Top non-repeatable levels by time:
       D: 1490 daAuts
